 Dungeon Crawl Stone Soup version 0.32-a0-953-g508020473e (webtiles) character file.

Game seed: 5916411732514380611

14806 BigDaddyOpFi the Blocker (level 12, -6/79 HPs)
             Began as a Gargoyle Fighter on Apr 16, 2024.
             Was a Follower of Ashenzari.
             Killed by divine providence
             ... invoked by an orc priest
              (15 damage)
             ... on level 11 of the Dungeon.
             The game lasted 00:22:40 (8955 turns).

BigDaddyOpFi the Blocker (Gargoyle Fighter)         Turns: 8955, Time: 00:22:41

Health: -6/79      AC: 30    Str: 24    XL:     12   Next: 20%
Magic:  12/12      EV:  6    Int: 10    God:    Ashenzari [*.....]
Gold:   492        SH:  0    Dex:  9    Spells: 11/11 levels left

rFire   + . .        F - +3 broad axe (flame)
rCold   + . .        c - +0 buckler
rNeg    + . .        n - +2 plate armour
rPois   ∞            g - +0 helmet
rElec   +            l - +0 cloak "Ensconced Inconvenience" {Fort, Elem} (curse)
rCorr   +            (no gloves)
SInv    .            M - +0 pair of boots
Will    +....        i - amulet of regeneration Stlth
                     o - ring of willpower
HPRegen 1.93/turn    H - ring of the Sibylline Doubts {Slay+4, Cun, Comp} (curse)
MPRegen 0.13/turn

%: no passive effects
@: confused, mighty, resistant, ambrosia-drunk
A: sickness immunity, AC +8, negative energy resistance 1, electricity
resistance, torment resistance 1, petrification resistance, talons 1,
regeneration 1, subdued magic 1
a: Renounce Religion, Shatter the Chains


You were on level 11 of the Dungeon.
You worshipped Ashenzari.
Ashenzari was aware of your devotion.
You visited 2 branches of the dungeon, and saw 13 of its levels.

You collected 492 gold pieces.

Inventory:

Hand Weapons
 a - a +2 war axe of freezing
 d - a +0 sling
 D - a +2 battleaxe of freezing
 F - a +3 broad axe of flaming (weapon)
Missiles
 s - a throwing net
 E - 45 stones
Armour
 c - a +0 buckler (worn)
 g - a +0 helmet (worn)
 l - the cursed +0 cloak "Ensconced Inconvenience" (worn) {Fort, Elem}
   (You found it on level 7 of the Dungeon)

   It has a curse which improves the following skills: Fortitude: Armour and
   Shields.
   Elements:  Fire Magic, Ice Magic, Air Magic and Earth Magic.
 n - a +2 plate armour (worn)
 M - a +0 pair of boots (worn)
Jewellery
 i - an amulet of regeneration (around neck)
 m - an amulet of magic regeneration
 o - a ring of willpower (left hand)
 v - a ring of protection from fire
 H - the cursed ring of the Sibylline Doubts (right hand) {Slay+4, Cun, Comp}
   (You found it on level 9 of the Dungeon)

   [ring of slaying]

   Slay+4:    It affects your accuracy & damage with ranged weapons and melee
   (+4).
   It has a curse which improves the following skills: Cunning: Dodging and
   Stealth.
   Companions: Summonings and Necromancy.
 J - a +6 ring of intelligence
Talismans
 K - a blade talisman
Wands
 j - a wand of warping (25)
 r - a wand of paralysis (14)
 x - a wand of flame (49)
 y - a wand of light (27) (quivered)
 I - a wand of mindburst (5)
Scrolls
 b - a scroll of vulnerability
 f - 2 scrolls of noise
 k - 3 scrolls of immolation
 q - a scroll of poison
 u - 2 scrolls of fog
 z - 2 scrolls of fear
 B - 3 scrolls of teleportation
 N - a scroll of identify
Potions
 p - 3 potions of enlightenment
 w - 2 potions of attraction
 C - a potion of ambrosia
 L - a potion of mutation
Miscellaneous
 O - a condenser vane


   Skills:
 + Level 10.6 Fighting
 + Level 8.6 Axes
 + Level 6.2 Throwing
 + Level 10.6(11.4) Armour
 + Level 10.7(11.4) Shields


You had 11 spell levels left.
You didn't know any spells.
Your spell library contained the following spells:

 Spells                   Type           Power      Damage    Failure   Level
 Summon Small Mammal      Summ           0%         N/A       99%         1
 Call Canine Familiar     Summ           0%         N/A       100%        3
 Tukima's Dance           Hex            0%         N/A       100%        3
 Dimensional Bullseye     Hex/Tloc       0%         N/A       100%        4
 Iskenderun's Mystic Bla Conj/Tloc 0%             2d3        (+2d1     100%        4
 Passage of Golubria      Tloc           0%         N/A       100%        4
 Summon Blazeheart Golem  Fire/Summ      0%         N/A       100%        4
 Yara's Violent Unravell  Hex/Alch       0%         3d3       100%        5
 Dispersal                Tloc           0%         N/A       100%        6
 Gell's Gavotte           Tloc           0%         2d(11-16) 100%        6
 Manifold Assault         Tloc           0%         N/A       100%        7
 Disjunction              Tloc           0%         N/A       100%        8


Dungeon Overview and Level Annotations

Branches:
Dungeon (12/15)            Temple (1/1) D:7            Lair (0/5) D:10
    Orc (0/2) D:11

Altars:
Ashenzari
Cheibriados
Dithmenos
Elyvilon
Fedhas
Gozag
Hepliaklqana
Kikubaaqudgha
Makhleb
Nemelex Xobeh
Okawaru
Qazlal
Ru
Sif Muna
Trog
Uskayaw
Vehumet
Wu Jian
Xom
Yredelemnul
Zin
The Shining One
Beogh

Shops:
D:7 [


Innate Abilities, Weirdness & Mutations

You are immune to sickness and miasma.
Your stone body is resilient. (AC +8)
You are immune to poison.
You resist negative energy. (rN+)
You are resistant to electric shocks. (rElec)
You are resistant to unholy torment.
You are immune to petrification.
You have sharp toenails.
Your natural rate of healing is unusually fast.
Your spells are a little easier to cast, but a little less powerful.


Message History

The orc warrior barely misses you.
The orc warrior hits you but does no damage.
Unknown command.
Okay, then.
You slash the orc warrior! You burn the orc warrior.
You kill the orc warrior!
You block the orc warrior's attack.
Unknown command.
You feel very mighty all of a sudden.
The orc priest looks encouraged for a moment.
The ogre hits you but does no damage.
The orc priest mumbles some strange prayers to Beogh against you.
Beogh smites you!
* * * LOW HITPOINT WARNING * * *
You block the orc warrior's attack.
You slash the ogre! You burn the ogre!
The ogre is severely wounded.
The orc priest mumbles some strange prayers to Beogh against you.
Beogh smites you!
* * * LOW HITPOINT WARNING * * *
You block the orc warrior's attack. You block the ogre's attack.
You slice the ogre!! You burn the ogre.
You kill the ogre!
The orc priest looks braver for a moment. x2
The orc warrior hits you but does no damage.
Unknown command.
Okay, then.
You feel protected. The orc hits you but does no damage. x2
The orc priest calls down the wrath of Beogh upon you.
Beogh smites you!
* * * LOW HITPOINT WARNING * * *
The orc warrior hits you but does no damage.
Unknown command.
Okay, then.
You are confused.
You feel invigorated. The orc hits you but does no damage. x2
The orc priest calls down the wrath of Beogh upon you.
Beogh smites you!
You die...

#########....###########........#
#....# #........# ## #....#
####.....# .###### #....# #.....#
......###...># #########.....#
.......####### #.○○...........
.......# ####§######.......
.......# #°°§§# #....... †.....##
#@##.# #....... ......# #o####
#....... .##+###


ooo #....... .##.### ###ooooo#### #####+## ~...~~### #.#oooo.#..# #.# ~~#~~~~.##
#.#○○o.§#..# #.# ~~~~~~~~.###.#°☼§§☼#..# #####.## ~~~~~~~~~..'.#######..#
##..).... ~~~~~~~~~~##..........###........ You could see an orc warrior, 2 orc
priests and 11 orcs.

Vanquished Creatures
  2 two-headed ogres
  The ghost of smashvw the Mimic, a novice OpSh (D:7)
  A cyclops (D:11)
  2 ugly things (D:11)
  A manticore (D:8)
  Joseph (D:8)
  A cane toad (D:10)
  A gargoyle (D:10)
  Maggie (D:9)
  2 komodo dragons (D:10)
  3 trolls
  A hornet (D:9)
  2 shadows (D:10)
  3 wyverns
  17 yaks
  2 steam dragons
  2 vampire mosquitoes (D:10)
  An acid dragon (D:11)
  2 water moccasins (D:7)
  An ice beast (D:5)
  7 orc warriors
  2 sky beasts (D:6)
  4 black bears
  2 ogres
  5 centaurs
  2 phantoms
  2 gnoll sergeants
  3 bullfrogs
  A kobold brigand (D:7)
  Blork the orc (D:6)
  5 scorpions
  8 wights
  12 killer bees
  5 howler monkeys (D:8)
  7 electric eels
  2 bombardier beetles
  2 jellies
  2 hounds (D:4)
  A gnoll bouda (D:8)
  4 orc priests
  Ijyb (D:3)
  2 sleepcaps
  Jessica (D:2)
  2 iguanas (D:6)
  6 orc wizards
  Robin (D:3)
  13 adders
  8 gnolls
  4 river rats (D:10)
  A white imp (D:5)
  An ufetubus (D:5)
  2 ribbon worms
  A dart slug (D:4)
  28 orcs
  8 endoplasms
  3 giant cockroaches
  17 goblins
  16 hobgoblins
  3 jackals (D:4)
  5 quokkas
  9 ball pythons
  11 bats
  4 frilled lizards
  4 kobolds
  9 rats
284 creatures vanquished.

Notes
Turn   | Place    | Note
-------+----------+-------------------------------------------
     0 | D:1      | BigDaddyOpFi the Gargoyle Fighter began the quest for the
                  | Orb.
     0 | D:1      | Reached XP level 1. HP: 14/14 MP: 1/1
    48 | D:1      | Reached XP level 2. HP: 2/19 MP: 2/2
   418 | D:1      | Reached XP level 3. HP: 20/23 MP: 3/3
   495 | D:2      | Noticed Jessica
   504 | D:2      | Killed Jessica
   862 | D:2      | Reached XP level 4. HP: 29/29 MP: 4/4
  1188 | D:3      | Identified the +1 helmet of Experimentation {Rampage rC-
                  | Dex+6}
  1188 | D:3      | Noticed Robin
  1205 | D:3      | Reached XP level 5. HP: 33/33 MP: 5/5
  1222 | D:3      | Killed Robin
  1414 | D:3      | Found a shimmering altar of Xom.
  1414 | D:3      | Found a glowing silver altar of Zin.
  1414 | D:3      | Noticed an angel
  1629 | D:3      | Noticed Ijyb
  1639 | D:3      | Killed Ijyb
  1811 | D:4      | Reached XP level 6. HP: 39/39 MP: 6/6
  2215 | D:4      | Reached skill level 5 in Fighting
  2215 | D:4      | Reached skill level 5 in Armour
  2215 | D:4      | Reached skill level 5 in Shields
  2348 | D:4      | You fall into a shaft and drop 3 floors!
  2394 | D:6      | Reached XP level 7. HP: 44/44 MP: 7/7
  2397 | D:5      | Entered Level 5 of the Dungeon
  2411 | D:5      | Found an iron altar of Okawaru.
  2624 | D:5      | HP: 2/44 [ogre/+0 giant club (18)]
  2784 | D:5      | Reached XP level 8. HP: 28/51 MP: 8/8
  3413 | D:6      | Reached skill level 5 in Axes
  3851 | D:6      | Reached XP level 9. HP: 36/56 MP: 9/9
  3921 | D:6      | Noticed Blork the orc
  3928 | D:6      | Killed Blork the orc
  3997 | D:6      | Found a sparkling altar of Nemelex Xobeh.
  3997 | D:6      | Found an opulent altar of Gozag.
  4488 | D:8      | Noticed Joseph
  4509 | D:8      | Gained mutation: Your spells are a little easier to cast,
                  | but a little less powerful. [potion of mutation]
  4509 | D:8      | Gained mutation: You have sharp toenails. [potion of
                  | mutation]
  4509 | D:8      | Gained mutation: Your natural rate of healing is unusually
                  | fast. [potion of mutation]
  4513 | D:8      | Killed Joseph
  4514 | D:8      | Reached skill level 1 in Throwing
  4891 | D:8      | Noticed a manticore
  4972 | D:7      | Found Okuf's Armour Boutique.
  5173 | D:7      | Reached XP level 10. HP: 58/64 MP: 10/10
  5233 | D:7      | Noticed smashvw's ghost (novice OpSh)
  5239 | D:7      | Found a runed translucent door.
  5286 | D:7      | Found a staircase to the Ecumenical Temple.
  5294 | Temple   | Entered the Ecumenical Temple
  5330 | Temple   | Became a worshipper of Ashenzari the Shackled
  5504 | D:7      | Killed smashvw's ghost
  5677 | D:8      | Killed a manticore
  6135 | D:9      | Noticed a two-headed ogre
  6145 | D:9      | Killed a two-headed ogre
  6146 | D:9      | Reached XP level 11. HP: 63/71 MP: 11/11
  6345 | D:9      | Noticed Maggie
  6362 | D:9      | Killed Maggie
  6397 | D:9      | Identified a scroll of acquirement
  6399 | D:9      | Acquired a +2 broad axe of flaming
  6487 | D:9      | Reached skill level 5 in Throwing
  6537 | D:9      | Found a sacrificial altar of Ru.
  7058 | D:10     | Entered Level 10 of the Dungeon
  7241 | D:10     | Reached skill level 10 in Shields
  7286 | D:10     | Found a glowing golden altar of the Shining One.
  7417 | D:10     | Reached skill level 10 in Armour
  7492 | D:10     | Reached skill level 10 in Fighting
  7897 | D:10     | Found a staircase to the Lair.
  8064 | D:11     | Noticed a cyan ugly thing
  8071 | D:11     | Killed a cyan ugly thing
  8085 | D:11     | Noticed a cyclops
  8093 | D:11     | Killed a cyclops
  8094 | D:11     | Reached XP level 12. HP: 77/78 MP: 12/12
  8099 | D:11     | Identified the staff "Moil" {rN+ Necro Tloc}
  8261 | D:11     | Noticed a two-headed ogre
  8268 | D:11     | Killed a two-headed ogre
  8562 | D:11     | Reached * piety under Ashenzari
  8811 | D:11     | Found a staircase to the Orcish Mines.
  8927 | D:11     | Found a roughly hewn altar of Beogh.
  8955 | D:11     | Killed from afar by an orc priest

Illustrated notes

Levels and vault maps discovered:
D:1:      minmay_arrival_diagonal_passages, layout_rooms
D:2:      layout_loops_ring, uniq_jessica
D:3:      layout_loops_cross, grunt_temple_overflow_order_and_chaos_1,
          grunt_ministairs_11, st_stairs_6, kennysheep_generic_room_15,
          uniq_robin, uniq_ijyb
D:4:      minmay_general_purpose_star, layout_loops_ring,
          uniq_crazy_yiuf_cottage
D:5:      layout_basic, mainiacjoe_overflow_boulevard,
          serial_library_hellmonk_room_c
D:6:      layout_loops_corners, grunt_temple_overflow_opulence,
          minmay_misc_feat_nine_boxes, minmay_bent, uniq_blork_the_orc
D:7:      layout_basic, minmay_temple_entry_ruins,
          hellmonk_ghost_happy_afterlife, serial_shops,
          nicolae_inconvenience_store
D:8:      layout_loops_cross, fungi_pond_lemuel, uniq_joseph
D:9:      layout_stronghold, pf_just_have_faith, serial_bayou_lagoon_a,
          uniq_maggie
D:10:     old_forge, layout_basic, tso_oasis_becter, lair_entry_dummy, pond
D:11:     layout_basic, orc_0_dummy, special_room [special_room_orc]
D:12:     layout_gridville, nicolae_trove_entry_crystal,
          gammafunk_ghost_cemetery, uniq_erolcha, uniq_maurice, uniq_jorgrun,
          uniq_psyche
Temple:   regret_index_temple_waves

Skill      XL: |  1  2  3  4  5  6  7  8  9 10 11 12 |
---------------+-------------------------------------+-----
Axes           | 2 3 4 5 6 7 8 |  8.6
Fighting       | 4 5 6 8 9 10 | 10.6
Armour         | 4 5 6 8 9 10 | 10.6
Shields        | 4 5 7 8 9 10 | 10.7
Throwing       | 2 4 5 6 |  6.2

Action                     |  1- 3 |  4- 6 |  7- 9 | 10-12 || total
---------------------------+-------+-------+-------+-------++-------
  Melee: War axe           |   106 |   216 |   356 |   155 ||   833
         Kick              |       |       |    17 |    54 ||    71
         Broad axe         |       |       |       |   237 ||   237
  Throw: Stone             |       |       |     2 |       ||     2
 Invoke: Curse Item        |       |       |       |     2 ||     2
  Evoke: Wand              |       |       |     1 |     2 ||     3
    Use: Potion            |     1 |       |    13 |    10 ||    24
         Scroll            |       |     2 |    12 |    11 ||    25
 Armour: Scale mail        |   104 |    54 |       |       ||   158
         Plate armour      |       |   163 |   475 |   530 ||  1168
         Skin              |       |       |    40 |       ||    40
  Dodge: Dodged            |    40 |   100 |   131 |   147 ||   418
  Block: Buckler           |    26 |    49 |   112 |   144 ||   331

Table legend: (Time is in decaauts)
 A = Elapsed time spent in this place.
 B = Non-inter-level travel time spent in this place.
 C = Inter-level travel time spent in this place.
 D = Time resting spent in this place.
 E = Time spent auto-exploring this place.
 F = Levels seen in this place.
 G = Mean time per level.
                   A        B        C        D        E       F      G
               +--------+--------+--------+--------+--------+-----+--------+
         Total |   9244 |   8883 |    361 |    689 |   5441 |  13 |  711.1 |
       Dungeon |   9184 |   8823 |    361 |    689 |   5441 |  12 |  765.3 |
        Temple |     60 |     60 |      0 |      0 |      0 |   1 |   60.0 |
               +--------+--------+--------+--------+--------+-----+--------+

Top non-repeatable levels by time:
     D:6: 1139 daAuts
     D:8: 1084 daAuts
    D:10: 960 daAuts
    D:11: 954 daAuts
     D:5: 879 daAuts
     D:9: 849 daAuts
     D:7: 814 daAuts
     D:3: 716 daAuts
     D:4: 625 daAuts
     D:2: 616 daAuts
     D:1: 518 daAuts
  Temple: 60 daAuts
    D:12: 26 daAuts
